 Dungeon Crawl Stone Soup version 0.29-a0-823-gc37b1572da (webtiles) character file.

Game seed: 4493973585732488333

9 zeratav the Stinger (level 2, -1/17 HPs)
             Began as an Octopode Venom Mage on July 8, 2022.
             Slain by a goblin
             ... wielding a +0 vampiric spear
              (4 damage)
             ... on level 1 of the Dungeon.
             The game lasted 00:00:34 (284 turns).

zeratav the Stinger (Octopode Venom Mage)            Turns: 284, Time: 00:00:35

Health: -1/17      AC:  1    Str:  7    XL:     2   Next: 16%
Magic:  4/5        EV: 13    Int: 17    God:
Gold:   40         SH:  0    Dex: 12    Spells: 4/5 levels left

rFire   . . .      SeeInvis .   (no weapon)
rCold   . . .      Faith    .   (no shield)
rNeg    . . .      Spirit   .   (helmet restricted)
rPois   .          Reflect  .   (no amulet)
rElec   .          Harm     .   (no ring)
rCorr   .          Rampage  .   (no ring)
Will    .....                   (no ring)
Stlth   +++.......              (no ring)
HPRegen 0.05/turn               (no ring)
MPRegen 0.09/turn               (no ring)
                                (no ring)
                                (no ring)

@: no status effects
A: almost no armour, amphibious, 8 rings, camouflage 1, gelatinous body 1,
(nimble swimmer 1), tentacles
a: no special abilities


You were on level 1 of the Dungeon.
You visited 1 branch of the dungeon, and saw 1 of its levels.

You collected 40 gold pieces.


Innate Abilities, Weirdness & Mutations

You cannot wear most types of armour.
You are amphibious.
You can wear up to eight rings at the same time.
Your skin changes colour to match your surroundings (Stealth+).
Your rubbery body absorbs attacks. (AC +1, EV +1)
((You are camouflaged when in or above water. (Stealth+)))
You have tentacles for arms and can constrict up to eight enemies at once.


   Skills:
 - Level 2.0 Dodging
 + Level 3.4 Stealth
 - Level 2.0 Spellcasting
 - Level 1.0 Transmutations
 + Level 4.0 Poison Magic


You had 4 spell levels left.
You knew the following spells:

 Your Spells              Type           Power      Damage    Failure   Level
a - Sting                 Tmut/Pois      40%        1d5       7%          1

Your spell library contained the following spells:

 Spells                   Type           Power      Damage    Failure   Level
 Poisonous Vapours        Pois/Air       16%        N/A       13%         2
 Mephitic Cloud           Conj/Pois/Air  6%         N/A       32%         3
 Olgreb's Toxic Radiance  Pois           15%        N/A       36%         4

Inventory:

Potions
 a - a potion of magic

Dungeon Overview and Level Annotations

Branches:
Dungeon (1/15) Zot: 5715

Altars:

########.# .........##
#######...##########
........#..........#
#######...########.# # ##....#
#.# ########.##.# ##.####
.>.......##.#####.....#
.##########.#.g.@..##.###########
#.# #.#.###.###............ .###
#.#.###.###############
...########........# #
.#....†.......###..# #
.#.#########..# #..# #
.#....######..# #..# #
#####.........# #..# #
.#....#..###.## #..# #


You could see a goblin.


Message History

The jackal barks!
The jackal closely misses you.
MP[-1]
You lost 1 mp, and now have 1/3 mp.
The sting misses the jackal.
The jackal barely misses you.
MP[-1]
You lost 1 mp, and now have 0/3 mp.
You are out of magic!
You are out of magic!
You are out of magic!
You are out of magic!
You barely miss the jackal. Your grab misses the jackal. The jackal bites you.
HP[-2]
You take 2 damage, and now have 9/11 hp.
You closely miss the jackal. You grab the jackal.
You constrict the jackal, but do no damage.
You tentacle-slap the jackal.
You constrict the jackal, but do no damage.
The jackal closely misses you.
You tentacle-slap the jackal but do no damage.
You constrict the jackal. The jackal bites you.
The jackal bites you but does no damage.
Your magical contamination has completely faded away.
You tentacle-slap the jackal.
You constrict the jackal, but do no damage.
The jackal bites you.
A goblin comes into view. It is wielding a +0 vampiric spear.
HP[-3]
You take 3 damage, and now have 6/11 hp.
MASSIVE DAMAGE!! (PAUSE)
The goblin shouts!
You tentacle-slap the jackal. You constrict the jackal.
You kill the jackal!
The jackal bites you.
* * * LOW HITPOINT WARNING * * *
You are too injured to fight recklessly!
HP[-2]
You take 2 damage, and now have 4/11 hp.
You are too injured to fight recklessly!
You are too injured to fight recklessly!
You are too injured to fight recklessly!
You are too injured to fight recklessly!
You are too injured to fight recklessly!
You are too injured to fight recklessly!
You are too injured to fight recklessly!
You are too injured to fight recklessly!
You are too injured to fight recklessly!
You are too injured to fight recklessly!
You are too injured to fight recklessly!
You are too injured to fight recklessly!
You are too injured to fight recklessly!
You are too injured to fight recklessly!
You are too injured to fight recklessly!
You are too injured to fight recklessly!
You are too injured to fight recklessly!
You are too injured to fight recklessly!
You are too injured to fight recklessly!
You are too injured to fight recklessly!
Unknown command.
You tentacle-slap the jackal. You grab the jackal. You squeeze the jackal.
You kill the jackal!
You have reached level 2!
HP[+2]
You now have 17 max hp (+6).
You regained 2 hp, and now have 6/17 hp.
You tentacle-slap the jackal but do no damage.
You grab the jackal. You constrict the jackal. The jackal bites you.
* * * LOW HITPOINT WARNING * * *
HP[-2]
You take 2 damage, and now have 4/17 hp.
You tentacle-slap the jackal but do no damage.
You squeeze the jackal.
You kill the jackal!
The jackal bites you.
* * * LOW HITPOINT WARNING * * *
Your Poison Magic skill increases to level 4!
HP[-3]
You take 3 damage, and now have 1/17 hp.
MP[+1]
You barely miss the jackal. You grab the jackal. You constrict the jackal.
The jackal barely misses you. The jackal misses you.
Casting: Sting (safe; 7% risk of failure)
Confirm with . or Enter, or press ? or * to list all spells.
Aiming: Sting (safe; 7% risk of failure)
Press: ? - help, Shift-Dir - straight line, f - jackal
Aim: a jackal (moderately wounded, constricted by you, 98% to hit)
The sting hits the jackal.
The jackal is poisoned.
You constrict the jackal. The jackal barely misses you.
The goblin closely misses you.
MP[-1]
You lost 1 mp, and now have 0/5 mp.
You release your grip on the jackal.
You kill the jackal!
HP[+1] MP[+1] MP[+1] HP[+1] MP[+1] MP[+1]
The goblin hits you from afar with a +0 vampiric spear.
You die...

Skill      XL: |  1  2 |
---------------+-------+-----
Stealth        | 3 |  3.4
Poison Magic   | 4 |  4.0
Dodging        | |  2.0
Spellcasting   | |  2.0
Transmutations | |  1.0

Action                   || total
-------------------------++-------
Melee: Unarmed           ||    11
       Constrict         ||     5
       Tentacles         ||     3
 Cast: Sting             ||    10
Armor: Skin              ||     1
Dodge: Dodged            ||    10

Levels and vault maps discovered:
D:1:      nzn_arrival_crosshair, layout_loops_ring

Notes
Turn   | Place    | Note
-------+----------+-------------------------------------------
     0 | D:1      | zeratav the Octopode Venom Mage began the quest for the
                  | Orb.
     0 | D:1      | Reached XP level 1. HP: 11/11 MP: 3/3
     0 | D:1      | magus.rc [v1.9.6]
    60 | D:1      | Reached skill level 3 in Stealth
   237 | D:1      | Reached XP level 2. HP: 6/17 MP: 0/5
   237 | D:1      | HP: 4/17 [jackal (2)]
   238 | D:1      | HP: 1/17 [jackal (3)]
   239 | D:1      | Reached skill level 4 in Poison Magic
   284 | D:1      | Slain by a goblin

Vanquished Creatures
  A giant cockroach (D:1)
  A hobgoblin (D:1)
  4 jackals (D:1)
  A ball python (D:1)
  A bat (D:1)
8 creatures vanquished.

Table legend:
 A = Non-vault XP
 B = Vault XP
 C = Vault XP percentage of total XP
 D = Non-vault monster count
 E = Vault monster count
 F = Vault count percentage of total count
                 A         B        C        D         E       F
            +---------+---------+-------+---------+---------+-------
      Total |      14 |       0 |   0.0 |       8 |       0 |   0.0
            +---------+---------+-------+---------+---------+-------
        D:1 |      14 |       0 |   0.0 |       8 |       0 |   0.0
            +---------+---------+-------+---------+---------+-------

Illustrated notes

Table legend:
 A = Kills in this place as a percentage of kills in entire the game.
 B = Kills by you in this place as a percentage of kills by you in the entire game.
 C = Kills by friends in this place as a percentage of kills by friends in the entire game.
 D = Other kills in this place as a percentage of other kills in the entire game.
 E = Experience gained in this place as a percentage of experience gained in the entire game.
 F = Experience gained in this place divided by the number of levels of this place that you have seen.
                   A       B       C       D       E      F
               +-------+-------+-------+-------+-------+----------------------
         Total | 100.0 | 100.0 |   N/A |   N/A | 100.0 |  14.0
       Dungeon | 100.0 | 100.0 |   N/A |   N/A | 100.0 |  14.0
               +-------+-------+-------+-------+-------+----------------------

Table legend: (Time is in decaauts)
 A = Elapsed time spent in this place.
 B = Non-inter-level travel time spent in this place.
 C = Inter-level travel time spent in this place.
 D = Time resting spent in this place.
 E = Time spent auto-exploring this place.
 F = Levels seen in this place.
 G = Mean time per level.
                   A        B        C        D        E       F      G
               +--------+--------+--------+--------+--------+-----+--------+
         Total |    284 |    284 |      0 |      0 |    202 |   1 |  284.0 |
       Dungeon |    284 |    284 |      0 |      0 |    202 |   1 |  284.0 |
               +--------+--------+--------+--------+--------+-----+--------+

Top non-repeatable levels by time:
     D:1: 284 daAuts
